 Dungeon Crawl Stone Soup version 0.28.0-53-g5a82cb258f (webtiles) character file.

Game seed: 972865459669289279

553 styxcanada the Covert (level 7, -6/32 (36) HPs)
             Began as a Spriggan Brigand on July 16, 2022.
             Mangled by an iguana (10 damage)
             ... on level 5 of the Dungeon.
             The game lasted 00:21:10 (5533 turns).

styxcanada the Covert (Spriggan Brigand)            Turns: 5533, Time: 00:21:11

HP:   -6/32 (36)    AC:  2    Str:  7    XL:     7   Next: 8%
MP:   10/11         EV: 22    Int: 13    God:
Gold: 214           SH:  0    Dex: 18    Spells: 8/10 levels left

rFire   . . .      SeeInvis +   a - +2 dagger
rCold   . . .      Faith    .   (no shield)
rNeg    + + +      Spirit   .   b - +0 robe
rPois   .          Reflect  .   (helmet restricted)
rElec   .          Harm     .   m - scarf {+Inv}
rCorr   .          Rampage  .   (gloves unavailable)
Will    +....                   (boots unavailable)
Stlth   ++++......              (no amulet)
HPRegen 0.10/turn               i - ring of positive energy
MPRegen 0.12/turn               w - ring of Jinud {rN++ EV+4}

@: very slightly contaminated, heavily drained, invisible, very quick
A: very small, no large weapons, unfitting armour, see invisible, speed 3
a: Evoke Invisibility


You were on level 5 of the Dungeon.
You visited 1 branch of the dungeon, and saw 6 of its levels.

You collected 214 gold pieces.

Inventory:

Hand Weapons
 a - a +2 dagger (weapon)
 q - a +4 quarterstaff of chaos
Missiles
 d - 7 boomerangs (quivered)
 e - a curare-tipped dart
 f - 225 stones
 j - 46 sling bullets
 t - 3 poisoned darts
Armour
 b - a +0 robe (worn)
 c - a +0 cloak
 m - a scarf of invisibility (worn)
 u - an orb of guile
Jewellery
 i - a ring of positive energy (left hand)
 w - the ring of Jinud (right hand) {rN++ EV+4}
   (You found it on level 5 of the Dungeon)

   [ring of evasion]

   EV:        It affects your evasion (+4).
   rN:        It greatly protects you from negative energy.
Scrolls
 g - 2 scrolls of teleportation
 h - a scroll of fog {unknown}
 l - a scroll of amnesia
 n - a scroll of identify
 o - a scroll of magic mapping {unknown}
 p - a scroll of noise {unknown}
Potions
 k - 2 potions of brilliance
 r - a potion of resistance
 s - a potion of magic {unknown}
 v - a potion of cancellation {unknown}


   Skills:
 + Level 3.0 Fighting
 + Level 2.8 Short Blades
 + Level 3.3 Throwing
 * Level 3.0 Dodging
 * Level 9.4 Stealth
 * Level 2.1 Spellcasting
 * Level 2.6 Evocations


You had 8 spell levels left.
You knew the following spells:

 Your Spells              Type           Power      Damage    Failure   Level
a - Blink                 Tloc           2%         N/A       36%         2

Your spell library contained the following spells:

 Spells                   Type           Power      Damage    Failure   Level
 Conjure Flame            Conj/Fire      1%         6-21      58%         3
 Ignite Poison            Fire/Tmut/Pois 1%         N/A       58%         3
 Sticky Flame             Conj/Fire      1%         2d3       94%         4
 Manifold Assault         Tloc           1%         N/A       100%        5
 Storm Form               Tmut/Air       0%         N/A       100%        7


Dungeon Overview and Level Annotations

Branches:
Dungeon (6/15)
 Temple: D:4-7

Altars:
Fedhas
Hepliaklqana
Uskayaw
Vehumet
Beogh

Shops:
D:3 [


Innate Abilities, Weirdness & Mutations

You are very small and have problems with some larger weapons.
You are too small for most types of armour.
You have supernaturally acute eyesight. (SInv)
You cover ground extremely quickly. (Speed+++)


Message History

You fade into invisibility!
You are very lightly contaminated with residual magic.
You hit the water moccasin.
The water moccasin is lightly wounded.
You barely miss the ufetubus.
The ufetubus is heavily wounded.
The ufetubus misses you. The ufetubus closely misses you.
You hit the water moccasin.
The water moccasin is lightly wounded.
The ufetubus closely misses you. x2; The water moccasin closely misses you.
The ufetubus misses you. The ufetubus completely misses you.
You closely miss the ufetubus.
The ufetubus is heavily wounded.
The water moccasin completely misses you.
The ufetubus closely misses you. The ufetubus misses you.
You miss the water moccasin.
The water moccasin is lightly wounded.
You barely miss the sky beast. The water moccasin barely misses you.
The ufetubus misses you.
The ufetubus hits you but does no damage.
The water moccasin completely misses you.
You closely miss the ufetubus.
The ufetubus is heavily wounded.
The ufetubus completely misses you. The ufetubus misses you.
The sky beast barely misses you.
The water moccasin completely misses you.
You miss the ufetubus.
The ufetubus is heavily wounded.
The ufetubus misses you. The ufetubus completely misses you.
The sky beast completely misses you. The ufetubus closely misses you.
The ufetubus barely misses you.
You barely miss the ufetubus.
The ufetubus is heavily wounded.
The water moccasin completely misses you.
The water moccasin bites you but does no damage.
You barely miss the water moccasin.
The water moccasin is lightly wounded.
The water moccasin completely misses you.
The sky beast closely misses you. The iguana bites you!
You die...

....[#..........## ##..#..###....
.#......##.###...###..##.......##
#.........##......##.....#..#.##
........#.#...#..........#.##..#
##...........###...#..........##
#............#....##..........###
#.....#......#.....#............#
###.......#.....#S##............#
#.......###...@l5.........ยง...#
##.............Y...............
#......###...............>..##.
###....#............##.....l...
#.........##...#####........#
##.....>...#....##........###
#...)....>....#.....#..###
##.........##...##..#..#
#......#.......##.###.###


You could see a water moccasin (wandering), a sky beast, an iguana and an
ufetubus.

Vanquished Creatures
  A necrophage (D:5)
  2 scorpions (D:5)
  A hound (D:5)
  A jelly (D:4)
  Crazy Yiuf (D:5)
  A centaur skeleton (D:3)
  An iguana (D:6)
  An orc wizard (D:4)
  A hound skeleton (D:5)
  A gnoll (D:1)
  8 adders
  A white imp (D:5)
  A dart slug (D:4)
  10 orcs
  5 bats
  4 endoplasms (D:2)
  7 giant cockroaches
  5 goblins
  A hobgoblin (D:2)
  4 jackals (D:1)
  5 quokkas
  4 ball pythons
  4 frilled lizards
  4 kobolds
  2 rats (D:3)
76 creatures vanquished.

Vanquished Creatures (collateral kills)
  An endoplasm (D:4)
1 creature vanquished.

Grand Total: 77 creatures vanquished

Notes
Turn   | Place    | Note
-------+----------+-------------------------------------------
     0 | D:1      | styxcanada the Spriggan Brigand began the quest for the
                  | Orb.
     0 | D:1      | Reached XP level 1. HP: 10/10 MP: 2/2
   287 | D:1      | Reached skill level 6 in Stealth
   318 | D:1      | Found a faded altar of an unknown god.
   485 | D:1      | Reached XP level 2. HP: 5/15 MP: 3/3
  1534 | D:2      | Reached XP level 3. HP: 17/18 MP: 4/4
  1944 | D:2      | Reached skill level 7 in Stealth
  2035 | D:2      | Found a radiant altar of Vehumet.
  2445 | D:3      | Found a hide-covered altar of Uskayaw.
  2445 | D:3      | Noticed a +0 dagger
  2445 | D:3      | Noticed a +0 hand axe
  2459 | D:3      | Reached XP level 4. HP: 13/23 MP: 5/5
  2870 | D:3      | Reached skill level 1 in Evocations
  3560 | D:3      | Found a hazy altar of Hepliaklqana.
  3579 | D:3      | Found Haogh's Armour Boutique.
  3659 | D:3      | Reached XP level 5. HP: 23/27 MP: 7/7
  3861 | D:4      | Reached skill level 1 in Spellcasting
  3953 | D:4      | Found a blossoming altar of Fedhas.
  4119 | D:4      | Reached skill level 8 in Stealth
  4638 | D:4      | Learned a level 2 spell: Blink
  4839 | D:5      | Entered Level 5 of the Dungeon
  4845 | D:5      | Reached XP level 6. HP: 32/32 MP: 9/9
  5183 | D:5      | Reached skill level 9 in Stealth
  5205 | D:5      | You fall into a shaft and drop 1 floor!
  5208 | D:6      | Reached XP level 7. HP: 35/35 MP: 11/11
  5318 | D:5      | Found a runed translucent door.
  5319 | D:5      | Noticed Crazy Yiuf
  5326 | D:5      | Killed Crazy Yiuf
  5363 | D:5      | Identified the ring of Jinud {rN++ EV+4}
  5533 | D:5      | Mangled by an iguana

Illustrated notes

Levels and vault maps discovered:
D:1:      dpeg_arrival_pond, layout_loops_corners,
          hellmonk_ecumenical_altar_defaced_shrine
D:2:      layout_rooms, basic_altar, chequers_garden
D:3:      layout_loops_ring, dancing_weapons_uskayaw, marbit_many_paths,
          serial_shops, nicolae_shop_advertising_works
          [nicolae_subvault_shop_adworks], serial_aquarium,
          aquarium_bridge_island_small [aquarium_subvault_small_open,
          aquarium_subvault_bridge, aquarium_subvault_bridge,
          aquarium_subvault_window, aquarium_subvault_wall], aquarium_window_1,
          aquarium_window_1, aquarium_view_2a, aquarium_pool_1,
          serial_park_tiny_2
D:4:      layout_cave_pods, fedhas_altar_1, kennysheep_generic_room_10
D:5:      layout_cave_pools, kennysheep_generic_room_6, uniq_crazy_yiuf_cottage
D:6:      layout_gridville, mainiacjoe_overflow_small_starburst,
          kennysheep_mini_moat, temple_statues

Skill      XL: |  1  2  3  4  5  6  7 |
---------------+----------------------+-----
Stealth        | 6 7 8 9 |  9.4
Fighting       | 2 3 |  3.0
Dodging        | 2 3 |  3.0
Evocations     | 1 2 |  2.6
Spellcasting   | 1 2 |  2.1
Throwing       | 3 |  3.3
Short Blades   | |  2.8

Action                   |  1- 3 |  4- 6 |  7- 9 || total
-------------------------+-------+-------+-------++-------
Melee: Dagger            |    86 |    97 |    14 ||   197
       Punch             |     1 |     1 |     1 ||     3
Throw: Dart              |    17 |    46 |       ||    63
       Stone             |       |     4 |       ||     4
       Boomerang         |       |     9 |       ||     9
 Abil: Evoke Invisibilit |       |       |     1 ||     1
  Use: Scroll            |       |     8 |       ||     8
       Potion            |       |     1 |       ||     1
 Stab: Sleeping          |     9 |    17 |     2 ||    28
Armor: Robe              |     6 |     8 |     4 ||    18
Dodge: Dodged            |    69 |    64 |    33 ||   166
